Unix NetHack Version 5.0.0-0 post-release - last build Jun 10 2026 00:39:30 (3ee93aec679c4c4259841fe613dc97188e26a321,branch:main).

Game began 2026-06-14 07:32:46, ended 2026-06-14 07:40:23.

LDaviesPeters, neutral female human Archeologist

 ------
 |....|                         -----                   ---------
 |...<|                         |...|                    .......+
 |.....#     ---------          |...|                    .......|
 --|---#     |.......|          |...----                  ......
   #   #     |.......|          |..>...|                  $....
       #     |........#         |......|      ######       ..
       #     --|------###       |.......#############      f
       #       ##       ##      --.-...|    ##############f@#
     ###        #        ##       #|....
     #          #         #       #|...|
    ##          #         ###     #-----
    #           #         ##`#########
    #           #           ##     ###
    #           ##           ##-----|------+--
    #------------.---         #|.)...........|
    #.............(.|         #|.............|
     |..............|         #-.............|
     ----------------          ---------------

LDaviesPeters the Field Worker  St:13 Dx:11 Co:16 In:13 Wi:12 Ch:11  Neutral
Dlvl:4  $:26 HP:0(28) Pw:8(8) AC:9  Xp:3 T:1055 

Latest messages:
 Hmmm, the large box turns out to be locked.
 You miss the red mold.
 You are suddenly very hot!
 You kill the red mold!
 The door opens.
 The door resists!
 The door resists!
 The door opens.
 You see here a mace.
 The door opens.
 The iguana bites!
 You kill the iguana!
 Welcome to experience level 3.
 You see here an iguana corpse.
 There is an iguana corpse here; eat it? [ynq] (n) y
 This iguana corpse is stringy.
 You finish eating the iguana corpse.
 The kobold hits!
 You miss the kobold.
 It misses the kobold.
 The kobold hits!
 You kill the kobold!
 With great effort you move the boulder.
 You stop.  Your kitten is in the way!
 You attack thin air.
 You descend the stairs.
 You climb up the stairs.
 The kitten picks up a gold piece.
 The kitten drops a gold piece.
 You see here 8 gold pieces.
 $ - 8 gold pieces (25 in total).
 The kitten picks up a gold piece.
 You swap places with your kitten.
 The kitten drops a gold piece.
 You see here a gold piece.
 $ - a gold piece (26 in total).
 The kitten bites!
 The kitten bites!
 Pick a monster, object or location.
 f        a cat or other feline (kitten)
 The kitten bites!
 The kitten misses the kitten.
 The kitten bites!
 You lash the kitten.
 The kitten misses the kitten.
 The kitten bites!
 The kitten misses the kitten.
 The kitten bites!
 You die...
 Do you want your possessions identified? [ynq] (y) q

Inventory:
 Coins    ('$')
  $ - 26 gold pieces
 Weapons  (')')
  a - a +2 bullwhip (weapon in right hand)
 Armor    ('[')
  c - an uncursed +0 fedora (being worn)
  h - an uncursed +0 leather jacket (being worn)
 Comestibles  ('%')
  d - 8 uncursed food rations
 Potions  ('!')
  q - an uncursed potion of gain ability
  l - an uncursed potion of levitation
  j - a blessed potion of object detection
 Tools    ('(')
  b - an empty uncursed sack
  i - a magic marker (0:22)
  p - a +0 pick-axe (alternate weapon; not wielded)
  f - a tinning kit (0:50)
 Gems/Stones  ('*')
  g - an uncursed touchstone

LDaviesPeters the Archeologist's attributes:

Background:
 You were a Field Worker, a level 3 female human Archeologist.
 You were neutral, nominally on a mission for Camaxtli
 who was opposed by Quetzalcoatl (lawful) and Huhetotl (chaotic).
 You were right-handed.
 You were in the Dungeons of Doom, on level 4.
 You entered the dungeon 1055 turns ago.
 There was a new moon in effect when your adventure ended.
 You had 49 experience points, 31 more were needed to attain level 4.

Basics:
 You had 0 out of 28 hit points.
 You had all 8 energy points (spell power).
 Your armor class was 9.
 Your wallet contained 26 zorkmids.
 Autopickup was off.

Final Characteristics:
 Your strength was 13 (limit:18/100).
 Your dexterity was 11 (limit:18).
 Your constitution was 16 (limit:18).
 Your intelligence was 13 (limit:18).
 Your wisdom was 12 (limit:18).
 Your charisma was 11 (limit:18).

Final Status:
 You weren't hungry.
 You were unencumbered.
 You were wielding a whip.
 You had basic skill with whip.

Final Attributes:
 You were devoutly aligned.
 You had automatic searching.
 You were lucky.
 You are dead.

Miscellaneous:
 You didn't encounter any bones levels.
 Total elapsed playing time was 7 minutes and 36 seconds.

Major events:
 Turn
    1: LDaviesPeters the neutral female human Archeologist entered the dungeon
  723: entered the Gnomish Mines
  981: attained the rank of Field Worker (level 3)
 1055: killed by a kitten

You didn't know any spells.

Skills:
 Fighting Skills
   bare handed combat [Unskilled]
   two weapon combat  [Unskilled]
   riding             [Unskilled]
 Weapon Skills
   dagger             [Unskilled]
   knife              [Unskilled]
   pick-axe           [Basic]
   short sword        [Unskilled]
   saber              [Unskilled]
   club               [Unskilled]
   quarterstaff       [Unskilled]
   sling              [Unskilled]
   dart               [Unskilled]
   boomerang          [Unskilled]
   whip               [Basic]
   unicorn horn       [Unskilled]
 Spellcasting Skills
   attack spells      [Unskilled]
   healing spells     [Unskilled]
   divination spells  [Unskilled]
   matter spells      [Unskilled]

Voluntary challenges:
 Character rerolling was not enabled.
 You were an atheist.
 You were illiterate.
 You never genocided any monsters.
 You never polymorphed an object.
 You never changed form.
 You used no wishes.
Achievements:
 You entered the Gnomish Mines.
 You attained the rank of Field Worker.

 The Dungeons of Doom: levels 1 to 5
    Level 1:
    Level 2:
    Level 3:
       A fountain.
       Stairs down to The Gnomish Mines.
    Level 4: <- You were here.
       Final resting place for
          you, killed by a kitten.
    Level 5:
 The Gnomish Mines:
    Level 4:


Vanquished creatures:
  a shrieker
 an iguana
  a red mold
  2 jackals
  a kobold
  3 goblins
  3 sewer rats
  2 grid bugs
  2 bats
  a lichen
  a newt
18 creatures vanquished.

No species were genocided or became extinct.

Game over:
                       ----------
                      /          \
                     /    REST    \
                    /      IN      \
                   /     PEACE      \
                  /                  \
                  |  LDaviesPeters   |
                  |      26 Au       |
                  |   killed by a    |
                  |      kitten      |
                  |                  |
                  |                  |
                  |       2026       |
                 *|     *  *  *      | *
        _________)/\\_//(\/(/\)/\//\/|_)_______

Goodbye LDaviesPeters the Archeologist...

You died in The Dungeons of Doom on dungeon level 4 with 420 points,
and 26 pieces of gold, after 1055 moves.
You were level 3 with a maximum of 28 hit points when you died.

